 Dungeon Crawl Stone Soup version 0.21.1-1-g345015f (webtiles) character file.

227 inc the Scratcher (level 5, 0/24 HPs)
             Began as a Felid Chaos Knight on Feb 24, 2018.
             Succumbed to a water moccasin's poison
             ... on level 4 of the Dungeon.
             The game lasted 00:08:48 (3776 turns).

inc the Scratcher (Felid Chaos Knight)              Turns: 3776, Time: 00:08:49

Health: 0/24       AC:  1    Str:  8    XL:     5   Next: 70%
Magic:  4/9        EV: 18    Int: 15    God:    Xom [..*...]
Gold:   136        SH:  0    Dex: 15    Spells: 6/8 levels left
                                        Lives:  0   Deaths: 1

rFire    . . .     SeeInvis +     - Unarmed
rCold    . . .     Gourm    .   (shield unavailable)
rNeg     . . .     Faith    .   (armour unavailable)
rPois    .         Spirit   .   (helmet unavailable)
rElec    .         Reflect  .   (cloak unavailable)
rCorr    .         Harm     .   (gloves unavailable)
MR       .....                  (boots unavailable)
Stlth    +.........             (no amulet)
HPRegen  0.08/turn              (no ring)
MPRegen  0.11/turn              (no ring)

@: lethally poisoned (0 -> -7), flying, quick
A: very small, no armour, no weapons or thrown items, stealth, claws 1, fangs 3,
see invisible, carnivore, speed 1, shaggy fur 1, slow metabolism 1, sharp paws
a: Renounce Religion


You were on level 4 of the Dungeon.
You worshipped Xom.
You were a toy of Xom.
You were not hungry.

You visited 1 branch of the dungeon, and saw 5 of its levels.

You collected 136 gold pieces.

Inventory:

Jewellery
 k - an uncursed ring of ice
Wands
 n - a wand of random effects (28)
Scrolls
 b - 2 scrolls of identify
 c - 2 scrolls of remove curse {unknown}
 d - a scroll of enchant weapon {unknown}
 e - a scroll of magic mapping {unknown}
 f - a scroll of noise {unknown}
 g - 2 scrolls of teleportation {unknown}
 i - a scroll of fear {unknown}
 l - a scroll of amnesia {unknown}
 m - 2 scrolls of enchant armour {unknown}
Potions
 j - a potion of invisibility
Books
 o - a book of Cantrips

   Spells                             Type                      Level
   a - Confusing Touch                Hexes                        1
   b - Animate Skeleton               Necromancy                   1
   c - Summon Small Mammal            Summoning                    1
   d - Apportation                    Translocation                1
Comestibles
 a - 6 rations
 q - 3 chunks of flesh


   Skills:
 - Level 3.0 Fighting
 - Level 3.2 Dodging
 - Level 5.0 Unarmed Combat
 + Level 2.0 Spellcasting
 + Level 3.9 Hexes
 - Level 2.8 Necromancy


You had 6 spell levels left.
You knew the following spells:

 Your Spells              Type           Power        Failure   Level  Hunger
a - Confusing Touch       Hex            ##....       4%          1    #......
b - Animate Skeleton      Necr           N/A          7%          1    #......


Dungeon Overview and Level Annotations

Branches:
Dungeon (5/15)
 Temple: D:4-7

Altars:
Nemelex Xobeh

Shops:
D:4 *

Annotations:
D:2 Jessica
D:3 Ijyb


Innate Abilities, Weirdness & Mutations

You cannot wear armour.
You are incapable of wielding weapons or throwing items.
Your paws allow you to move quietly. (Stealth)
You have sharp claws.
You have razor-sharp teeth.
You have supernaturally acute eyesight. (SInv)
You are carnivorous and can eat meat at any time.
You cover ground quickly.
You are covered in fur. (AC +1)
You have a slow metabolism.
Your sharp claws are effective at attacking unaware monsters.


Message History

Your paws begin to glow red.
The water moccasin completely misses you.
The water moccasin barely misses you.
You scratch the water moccasin but do no damage.
The water moccasin appears confused.
You bite the water moccasin, but do no damage.
The water moccasin is moderately wounded.
The water moccasin bites you.
* * * LOW HITPOINT WARNING * * *
You are lethally poisoned!
The water moccasin poisons you!
It was a potion of flight.
You feel very buoyant.
You fly up into the air.
* * * LOW HITPOINT WARNING * * *
You feel sick.
You scratch the water moccasin. You bite the water moccasin.
The water moccasin is heavily wounded.
You die...
Xom howls with laughter!

##..##...## ###..#
##..#.....# #....#
..........# #.#.##
##..#.....# #.#.#
....##...## #.#.# ###
<..####.## #.#.# #..
#### #.# #.#.# #.. #.#
#.#.# #.. ######.####
#.#@# #.. ...........#
#.#S# #.. .######.##.#
#.#.## #.. # #.##.#
#....#### #..
.######.##.###.......#
###
...............†..##.#
.######.##.#########.#
..###.......# ##.##S##
.......##..####......#


You could see a water moccasin (confused).

Vanquished Creatures
  A water moccasin (D:4)
  A scorpion (D:4)
  A hound (D:4)
  3 orc wizards (D:4)
  A hound skeleton (D:4)
  2 adders (D:4)
  An ooze (D:1)
  An adder skeleton (D:5)
  A dart slug (D:1)
  A leopard gecko (D:1)
  2 orcs (D:5)
  A giant cockroach (D:1)
  3 goblins
  7 hobgoblins
  2 jackals (D:1)
  6 kobolds
  A quokka (D:3)
  4 bats
  2 frilled lizards (D:4)
  8 rats
49 creatures vanquished.

Vanquished Creatures (collateral kills)
  An adder (D:4)
1 creature vanquished.

Grand Total: 50 creatures vanquished

Notes
Turn   | Place    | Note
-------+----------+-------------------------------------------
     0 | D:1      | inc the Felid Chaos Knight began the quest for the Orb.
     0 | D:1      | Reached XP level 1. HP: 10/10 MP: 2/2
    71 | D:1      | XOM: divination: detect items
    78 | D:1      | XOM: butterfly on damage
   302 | D:1      | Reached XP level 2. HP: 4/14 MP: 3/3
   630 | D:1      | XOM: divination: detect creatures
   732 | D:1      | XOM: potion effect (brilliance)
   809 | D:1      | Reached skill level 4 in Unarmed Combat
   935 | D:1      | Reached XP level 3. HP: 15/17 MP: 4/4
  1359 | D:2      | XOM: butterfly on damage
  1449 | D:2      | XOM is BORED!
  1449 | D:2      | XOM: mild Air miscast
  1476 | D:2      | XOM: god gift: runed falchion {god gift}
  1742 | D:2      | XOM: noise
  1766 | D:2      | Noticed Jessica
  1809 | D:3      | Found a sparkling altar of Nemelex Xobeh.
  1824 | D:3      | XOM: 1-stop teleportation journey
  1849 | D:3      | XOM: mild Ice miscast
  1901 | D:4      | Noticed a scorpion
  1964 | D:3      | Noticed Ijyb
  1988 | D:3      | XOM: harmless Pois miscast
  2069 | D:4      | XOM: mild Air miscast
  2256 | D:4      | Noticed a scorpion
  2893 | D:4      | XOM: mild Tmut miscast
  3066 | D:5      | Entered Level 5 of the Dungeon
  3071 | D:5      | Found a sparkling altar of Nemelex Xobeh.
  3120 | D:5      | Learned a level 1 spell: Confusing Touch
  3122 | D:5      | Learned a level 1 spell: Animate Skeleton
  3152 | D:5      | XOM is BORED!
  3152 | D:5      | XOM: mild Fire miscast
  3243 | D:5      | XOM: summons 1 hostile demon
  3295 | D:5      | Noticed a phantom
  3361 | D:4      | Reached skill level 1 in Necromancy
  3361 | D:4      | Reached XP level 4. HP: 17/21 MP: 5/5
  3370 | D:4      | XOM: enchant monster (bad)
  3397 | D:4      | Reached XP level 5. HP: 11/24 MP: 4/6
  3415 | D:4      | XOM: noise
  3460 | D:4      | Reached skill level 5 in Unarmed Combat
  3460 | D:4      | Reached skill level 1 in Hexes
  3529 | D:4      | XOM: harmless Summ miscast
  3674 | D:4      | XOM: draining
  3717 | D:4      | Found Tisch's Serpentskin Sales.
  3717 | D:4      | Noticed a water moccasin
  3718 | D:4      | Noticed a water moccasin
  3719 | D:4      | Reached skill level 1 in Spellcasting
  3737 | D:4      | Succumbed to a water moccasin's poison
  3738 | D:4      | Reached XP level 4. HP: 0/21 MP: 6/6
  3740 | D:4      | XOM: blink monster(s)
  3750 | D:4      | XOM: swap monsters
  3772 | D:4      | Killed a water moccasin
  3772 | D:4      | Reached XP level 5. HP: 7/24 MP: 5/9
  3775 | D:4      | HP: 1/24 [poisoned by a water moccasin]
  3776 | D:4      | Succumbed to a water moccasin's poison

Skill      XL: |  1  2  3  4  5 |
---------------+----------------+-----
Unarmed Combat | 4 5 |  5.0
Necromancy     | 1 2 |  2.8
Hexes          | 3 2 |  3.9
Spellcasting   | 2 1 |  2.0
Fighting       | |  3.0
Dodging        | |  3.2

Action                   |  1- 3 |  4- 6 || total
-------------------------+-------+-------++-------
Melee: Unarmed           |   127 |    55 ||   182
       Bite              |     9 |    13 ||    22
       Punch             |     3 |     1 ||     4
 Cast: Confusing Touch   |       |     6 ||     6
       Animate Skeleton  |       |     3 ||     3
  Use: Scroll            |     2 |       ||     2
       Potion            |       |     4 ||     4
 Stab: Sleeping          |     9 |       ||     9
       Confused          |       |     6 ||     6
  Eat: Chunk             |     6 |     5 ||    11
       Ration            |     1 |       ||     1
Armor: Skin              |     2 |     2 ||     4
Dodge: Dodged            |    92 |    40 ||   132
